 Dungeon Crawl Stone Soup version 0.19-a0-45-g2c295ea (webtiles) character file.

493 Kenran the Slasher (level 7, -20/52 HPs)
             Began as a Formicid Fighter on May 5, 2016.
             Demolished by an ogre
             ... wielding a +0 giant spiked club
              (32 damage)
             ... on level 4 of the Dungeon.
             The game lasted 00:09:18 (4110 turns).

Kenran the Slasher (Formicid Fighter)               Turns: 4110, Time: 00:09:20

Health: -20/52     AC:  9    Str: 23    XL:     7   Next: 37%
Magic:  7/7        EV:  6    Int:  7    God:
Gold:   227        SH:  9    Dex: 10    Spells: 0 memorised, 6 levels left

rFire  . . .     SeeInvis +     a - +0 long sword
rCold  . . .     Gourm    .     e - +0 chain mail
rNeg   . . .     Faith    .     c - +0 shield
rPois  .         Spirit   .     (helmet unavailable)
rElec  .         Dismiss  .     (no cloak)
rCorr  .         Reflect  .     (no gloves)
SustAt .         Harm     .     (no boots)
MR     .....                    (no amulet)
Stlth  ..........               (no ring)
                                (no ring)

@: not resistant to hostile enchantments, extremely unstealthy
A: permanent stasis, dig shafts and tunnels, four strong arms, antennae 3
a: Dig, Shaft Self


You were on level 4 of the Dungeon.
You were not hungry.

You visited 1 branch of the dungeon, and saw 4 of its levels.

You collected 227 gold pieces.

Inventory:

Hand Weapons
 a - a +0 long sword (weapon)
Armour
 c - a +0 shield (worn)
 e - a +0 chain mail (worn)
Rods
 u - a +0 iron rod (12/12)
   (You found it on level 2 of the Dungeon)
Scrolls
 i - a scroll of amnesia {unknown}
 j - 3 scrolls of identify
 n - a scroll of recharging {unknown}
 o - 3 scrolls of remove curse
 p - 2 scrolls of enchant armour
 r - 2 scrolls of teleportation {unknown}
Potions
 b - 3 potions of cancellation {unknown}
 d - a potion of might
 h - a potion of degeneration {unknown}
 k - a potion of brilliance {unknown}
 m - a potion of agility {unknown}
 q - a potion of curing {unknown}
 s - 3 potions of haste {unknown}
 t - a potion of lignification {unknown}
 v - a potion of flight {unknown}
Comestibles
 f - 2 bread rations
 g - 2 meat rations
 l - 3 beef jerkies
 w - 4 chunks of flesh


   Skills:
 - Level 3.2 Fighting
 + Level 7.5 Long Blades
 - Level 3.2 Armour
 - Level 3.6 Shields


You had 6 spell levels left.
You didn't know any spells.

Dungeon Overview and Level Annotations

Branches:
Dungeon (4/15)             Temple (0/1) D:4

Altars:
Makhleb
Nemelex Xobeh
Vehumet

Annotations:
D:2 Grinder


Innate Abilities, Weirdness & Mutations

You are under a permanent stasis effect.
You can dig through walls and to a lower floor.
Your four strong arms can wield two-handed weapons with a shield.
You have a pair of large antennae on your head (SInv).


Message History

r - 2 scrolls labeled MIJEUT SECA (gained 1)
You hit the ogre but do no damage. You block the ogre's attack.
You hit the ogre.
The ogre is lightly wounded.
The ogre hits you with a giant spiked club.
You hit the ogre.
The ogre is moderately wounded.
Your shield and chain mail prevent you from hitting the ogre.
The ogre is moderately wounded.
The ogre hits you with a giant spiked club!
You hit the ogre.
The ogre is heavily wounded.
The ogre hits you with a giant spiked club!!
Ouch! That really hurt!
* * * LOW HITPOINT WARNING * * *
You hit the ogre but do no damage.
The ogre is heavily wounded.
The ogre hits you with a giant spiked club!!
Ouch! That really hurt!
You die...

#### #.. ##### ########.#
...# #......#.### ####.###
#.#....O<..#
#......####.#.##.#.#.# # #
#.##.#.....@O.##.#.#.##.#
#.##.##.######.####.#......#
#.......# #.# #.###.####
####.#### #.. .. #.#
#.####### #### ## #.#
#.#.....###### #.#
##.#.###......#######.#
####....# #......##......#
#.......###......##.#########


You could see an ogre.

Vanquished Creatures
  The ghost of urm the Magician, an amateur HuWn (D:4)
  A scorpion (D:4)
  A hound (D:4)
  An iguana (D:4)
  A worker ant (D:4)
  3 gnolls (D:4)
  8 adders
  A worm (D:4)
  2 dart slugs
  3 giant geckos
  3 orcs (D:3)
  A ball python (D:3)
  7 bats
  8 giant cockroaches
  3 hobgoblins
  3 jackals (D:3)
  8 kobolds
  4 quokkas
  5 giant newts
  9 goblins
  A quokka skeleton (D:4)
  9 rats
83 creatures vanquished.

Vanquished Creatures (others)
  A goblin (D:3)
1 creature vanquished.

Grand Total: 84 creatures vanquished

Notes
Turn   | Place    | Note
--------------------------------------------------------------
     0 | D:1      | Kenran the Formicid Fighter began the quest for the Orb.
     0 | D:1      | Reached XP level 1. HP: 18/18 MP: 1/1
   399 | D:1      | Reached XP level 2. HP: 24/24 MP: 2/2
   731 | D:2      | Found a burning altar of Makhleb.
   741 | D:2      | Reached skill level 3 in Long Blades
   741 | D:2      | Reached XP level 3. HP: 16/29 MP: 3/3
  1273 | D:2      | Reached XP level 4. HP: 35/35 MP: 4/4
  1351 | D:2      | Reached skill level 4 in Long Blades
  1457 | D:2      | Found a sparkling altar of Nemelex Xobeh.
  2331 | D:3      | Noticed Grinder
  2396 | D:3      | Reached XP level 5. HP: 35/41 MP: 5/5
  2740 | D:3      | Reached skill level 5 in Long Blades
  2822 | D:3      | Found a radiant altar of Vehumet.
  3167 | D:4      | Found a staircase to the Ecumenical Temple.
  3178 | D:4      | Noticed urm's ghost (amateur HuWn)
  3192 | D:4      | Killed urm's ghost
  3192 | D:4      | Reached skill level 6 in Long Blades
  3192 | D:4      | Reached XP level 6. HP: 7/47 MP: 6/6
  3530 | D:4      | Reached XP level 7. HP: 47/52 MP: 7/7
  3564 | D:4      | Reached skill level 7 in Long Blades
  4110 | D:4      | Demolished by an ogre

Vault maps used:
D:1:      lemuel_arrival_behind_the_door_large
D:2:      nemelex_deck, lemuel_crystal_altar
D:3:      fiery_altar_vehumet, first_bread, uniq_grinder
D:4:      minmay_temple_entry_statues, portal_sewer_entry_c

Skill      XL: |  1  2  3  4  5  6  7 |
---------------+----------------------+-----
Long Blades    | 3 4 6 7 |  7.5
Fighting       | |  3.2
Armour         | |  3.2
Shields        | |  3.6

Action                   |  1- 3 |  4- 6 |  7- 9 || total
-------------------------+-------+-------+-------++-------
Melee: Long sword        |    59 |   178 |    75 ||   312
  Use: Scroll            |       |     6 |       ||     6
  Eat: Chunk             |     1 |     6 |     2 ||     9
       Pizza             |       |     1 |       ||     1
Armor: Chain mail        |    29 |   102 |    27 ||   158
       Scale mail        |     2 |       |       ||     2
Dodge: Dodged            |    11 |    53 |    10 ||    74
Block: Shield            |    28 |   107 |    38 ||   173
